 Dungeon Crawl Stone Soup version 0.24.0-29-g8ce449bc06 (webtiles) character file.

Game seed: 6956996708972212668, levelgen mode: deterministic

107 Flugslaktarn the Shield-Bearer (level 4, 0/41 HPs)
             Began as a Minotaur Fighter on Nov 16, 2019.
             Slain by an orc (4 damage)
             ... on level 3 of the Dungeon.
             The game lasted 00:00:38 (868 turns).

Flugslaktarn the Shield-Bearer (Minotaur Fighter)    Turns: 868, Time: 00:00:39

Health: 0/41       AC:  9    Str: 22    XL:     4   Next: 57%
Magic:  3/3        EV:  5    Int:  5    God:
Gold:   53         SH:  9    Dex:  9    Spells: 3/3 levels left

rFire    . . .     SeeInvis .   a - +0 war axe
rCold    . . .     Gourm    .   c - +0 shield
rNeg     . . .     Faith    .   k - +0 chain mail (curse)
rPois    .         Spirit   .   (helmet restricted)
rElec    .         Reflect  .   (no cloak)
rCorr    .         Harm     .   (no gloves)
MR       .....                  (no boots)
Stlth    ..........             (no amulet)
HPRegen  0.13/turn              (no ring)
MPRegen  0.08/turn              (no ring)

@: no status effects
A: retaliatory headbutt, horns 2
a: no special abilities


You were on level 3 of the Dungeon.
You were not hungry.

You visited 1 branch of the dungeon, and saw 3 of its levels.

You collected 53 gold pieces.

Inventory:

Hand Weapons
 a - a +0 war axe (weapon)
Armour
 c - a +0 shield (worn)
 k - a cursed +0 chain mail (worn)
   (You found it on level 3 of the Dungeon)
Jewellery
 i - an uncursed amulet of faith {unknown}
   (You found it on level 1 of the Dungeon)
 l - an uncursed amulet of harm {unknown}
   (You found it on level 3 of the Dungeon)
Scrolls
 b - a scroll of amnesia {unknown}
 h - a scroll of identify {unknown}
 j - a scroll of noise {unknown}
 m - a scroll of teleportation {unknown}
Potions
 d - a potion of might
 f - a potion of agility {unknown}
 g - a potion of lignification {unknown}
Comestibles
 e - 7 rations


   Skills:
 + Level 4.3 Fighting
 * Level 4.1 Axes
 + Level 4.3 Armour
 + Level 4.3 Shields


You had 3 spell levels left.
You didn't know any spells.
Your spell library was empty.

Dungeon Overview and Level Annotations

Branches:
Dungeon (3/15)

Altars:
Ru


Innate Abilities, Weirdness & Mutations

You reflexively headbutt those who attack you in melee.
You have a pair of horns on your head.


Message History

You slash the orc wizard!
You kill the orc wizard!
You have reached level 4!
You feel stronger.
The orc priest hits you but does no damage.
You block the orc's attack.
You hit the orc priest. You headbutt the orc priest.
You kill the orc priest!
Your Axes skill increases to level 4!
You closely miss the orc. The orc hits you but does no damage.
You closely miss the orc. Your headbutt misses the orc. You slash the orc!
You kill the orc!
The orc hits you but does no damage. You block the orc's attack.
You hit the orc.
The orc is lightly wounded.
The orc hits you but does no damage.
You closely miss the orc. You headbutt the orc, but do no damage.
The orc is lightly wounded.
The orc hits you.
You die...

#####.......#
#.(.#####....
##..# ## #...#
#...# #
#...#####.#
###[......#
####.########
#####@# ....#
#...)o##o....#
#.......o....#
#..#####o....#
#.. ....# #.
#### .. ##


You could see an orc.

Vanquished Creatures
  An orc priest (D:3)
  An orc wizard (D:3)
  2 adders
  An adder zombie (D:3)
  A dart slug (D:1)
  3 orcs (D:3)
  6 bats
  2 giant cockroaches (D:2)
  3 goblins (D:1)
  4 hobgoblins
  A kobold (D:2)
  2 rats (D:1)
27 creatures vanquished.

Notes
Turn   | Place    | Note
-------+----------+-------------------------------------------
     0 | D:1      | Flugslaktarn the Minotaur Fighter began the quest for the
                  | Orb.
     0 | D:1      | Reached XP level 1. HP: 19/19 MP: 0/0
   212 | D:1      | Reached XP level 2. HP: 25/27 MP: 1/1
   452 | D:2      | Found a sacrificial altar of Ru.
   509 | D:2      | Reached XP level 3. HP: 25/33 MP: 2/2
   864 | D:3      | Reached XP level 4. HP: 3/40 MP: 3/3
   868 | D:3      | Slain by an orc

Levels and vault maps discovered:
D:1:      ebering_trefoil_twist, layout_basic
D:2:      layout_basic, minmay_misc_feat_hallway,
          nicolae_ru_sacrificial_ziggurat
D:3:      layout_loops_cross, gammafunk_ghost_cemetery, first_ration,
          grunt_gozag_statues

Skill      XL: |  1  2  3  4 |
---------------+-------------+-----
Axes           | 3 4 |  4.1
Armour         | 4 |  4.3
Fighting       | 4 |  4.3
Shields        | 4 |  4.3

Action                   |  1- 3 |  4- 6 || total
-------------------------+-------+-------++-------
Melee: War axe           |    67 |     4 ||    71
       Headbutt          |    12 |     2 ||    14
Armor: Scale mail        |    23 |       ||    23
       Chain mail        |    14 |     4 ||    18
Dodge: Dodged            |    21 |       ||    21
Block: Shield            |    37 |     2 ||    39
